 Dungeon Crawl Stone Soup version 0.28.0-53-g5a82cb258f (webtiles) character file.

Game seed: 3650438263364914279

5790 LynnLen the Unseen (level 10, -11/63 HPs)
             Began as a Vampire Enchanter on Aug 1, 2022.
             Was a Follower of Yredelemnul.
             Mangled by an orc warrior
             ... wielding a +0 dire flail
              (15 damage)
             ... on level 8 of the Dungeon.
             The game lasted 00:31:38 (8987 turns).

LynnLen the Unseen (Vampire Enchanter)              Turns: 8987, Time: 00:31:39

Health: -11/63     AC:  7    Str: 15    XL:     10   Next: 50%
Magic:  13/13      EV: 17    Int: 17    God:    Yredelemnul [*.....]
Gold:   556        SH:  0    Dex: 18    Spells: 4/13 levels left

rFire   . . .      SeeInvis +   a - +4 dagger (spect)
rCold   . . .      Faith    .   p - orb {guile}
rNeg    . . .      Spirit   .   f - +2 leather armour {rPois}
rPois   +          Reflect  .   n - +1 hat
rElec   .          Harm     .   m - +0 cloak
rCorr   .          Rampage  .   (no gloves)
Will    .....                   (no boots)
Stlth   ++++++....              i - amulet of magic regeneration
HPRegen 0.40/turn               y - +6 ring of strength
MPRegen 0.53/turn               (no ring)

@: about to teleport, healing quickly, studying Translocations
A: alive, fangs 3, see invisible, vampiric 2
a: Exsanguinate, Renounce Religion, Recall Undead Harvest


You were on level 8 of the Dungeon.
You worshipped Yredelemnul.
Yredelemnul was noncommittal.
You visited 2 branches of the dungeon, and saw 9 of its levels.
You also visited: Bailey.

You collected 556 gold pieces.

Inventory:

Hand Weapons
 a - a +4 spectral dagger (weapon)
Missiles
 q - a throwing net (quivered)
 v - 140 stones
 H - 8 datura-tipped darts
Armour
 f - a +2 leather armour of poison resistance (worn)
 m - a +0 cloak (worn)
 n - a +1 hat (worn)
 p - an orb of guile (worn)
Jewellery
 i - an amulet of magic regeneration (around neck)
 y - a +6 ring of strength (left hand)
 C - an amulet of the acrobat
Wands
 g - a wand of iceblast (7)
 o - a wand of paralysis (21)
 x - a wand of digging (6)
 A - a wand of mindburst (14)
 B - a wand of polymorph (10)
 E - a wand of acid (3)
 F - a wand of flame (14)
Scrolls
 b - a scroll of teleportation
 c - a scroll of fear {unknown}
 j - 5 scrolls of amnesia
 s - 2 scrolls of silence
 t - a scroll of magic mapping
 u - a scroll of immolation {unknown}
 w - a scroll of fog
 G - a scroll of brand weapon
Potions
 d - 2 potions of lignification
 h - a potion of brilliance
 k - 2 potions of cancellation
 l - 2 potions of flight
 z - a potion of haste
 D - a potion of invisibility
Miscellaneous
 e - a box of beasts


   Skills:
 - Level 10.0 Short Blades
 * Level 9.0 Dodging
 + Level 16.0 Stealth
 + Level 2.0 Spellcasting
 + Level 4.4 Hexes
 * Level 0.4 Translocations


You had 4 spell levels left.
You knew the following spells:

 Your Spells              Type           Power      Damage    Failure   Level
a - Confusing Touch       Hex            16%        N/A       12%         3
b - Tukima's Dance        Hex            16%        N/A       12%         3
c - Dazzling Flash        Conj/Hex       18%        N/A       28%         3

Your spell library contained the following spells:

 Spells                   Type           Power      Damage    Failure   Level
 Ensorcelled Hibernation  Hex/Ice        18%        N/A       14%         2
 Silence                  Hex/Air        4%         N/A       95%         5
 Agony                    Necr           1%         N/A       100%        5
 Malign Gateway           Summ/Tloc      1%         N/A       100%        7
 Summon Horrible Things   Summ           0%         N/A       100%        8


Dungeon Overview and Level Annotations

Branches:
Dungeon (8/15)             Temple (1/1) D:4          Bailey (visited)
   Lair: D:8-11

Altars:
Cheibriados
Elyvilon
Fedhas
Gozag
Kikubaaqudgha
Makhleb
Nemelex Xobeh
Okawaru
Qazlal
Ru
Trog
Uskayaw
Vehumet
Wu Jian
Xom
Yredelemnul
The Shining One

Shops:
D:1 =

Annotations:
D:3 exclusion: oklob plant


Innate Abilities, Weirdness & Mutations

Your natural rate of healing is accelerated.
You have razor-sharp teeth.
You have supernaturally acute eyesight. (SInv)
You are afflicted with vampirism and can become a bat while bloodless.


Message History

The orc warrior closely misses you.
You completely miss the orc warrior.
The orc warrior hits you with a +0 dire flail!
* * * LOW HITPOINT WARNING * * *
You hit the orc warrior but do no damage.
The orc warrior appears confused.
You bite the orc warrior, but do no damage.
The orc completely misses you.
The orc warrior hits you but does no damage.
Your orc zombie hits the orc warrior but does no damage.
The orc warrior hits itself with a +0 trident!
You strike the helpless orc warrior from behind!
You skewer the orc warrior like a kebab!!!
You kill the orc warrior!
Your orc zombie hits the orc.
The orc warrior misses you.
Your orc zombie hits the orc.
Things that are here:
a +0 trident; a +0 chain mail You hit the orc warrior but do no damage.
The orc warrior is almost dead.
Your +4 spectral dagger hits the orc warrior.
The orc hits your +4 spectral dagger but does no damage.
Casting: Confusing Touch (dangerous; 12% risk of failure)
Confirm with . or Enter, or press ? or * to list all spells.
You don't know that spell.
As you read the scroll of teleportation, it crumbles to dust.
You feel strangely unstable.
The orc warrior hits you but does no damage.
Your orc zombie hits the orc.
The orc warrior misses you.
You hit the orc warrior but do no damage.
The orc warrior barely misses you.
You hit the orc warrior but do no damage.
The orc warrior hits you with a +0 scimitar.
* * * LOW HITPOINT WARNING * * *
Your orc zombie hits the orc.
You barely miss the orc warrior.
You bite the orc warrior, but do no damage.
The orc warrior hits you with a +0 dire flail!
You die...
Yredelemnul claims you as an undead slave. #....#.### ##....## # ####.#### #...... #..#### ######## ####..#### #...Z..# ## #........> #)###### #.### #.##...##. #)#.ooo #o@# #.##...<.. #.#ooooo

##o# #.##......
#)#oo...o##oo# #.###.>##.
#)#.ooooo.o#Z#######.###.....
#)#.$..oo###ZZ.Z)Z..))....##.
#Z###### #...######.#########
#.#..#.# ##### ###...#
#Z##.#.##########...#.##
#Z##.#.#.......#.......#


You could see 2 orc warriors, 3 orcs, a friendly kobold zombie, a friendly
kobold brigand zombie and a friendly orc zombie.

Vanquished Creatures
  Maurice (D:8)
  5 yaks (D:7)
  2 steam dragons
  An acid dragon (D:8)
  A water moccasin (D:8)
  A sky beast (D:8)
  6 orc warriors
  4 necrophages
  An ice beast (D:5)
  2 ogres (D:5)
  A centaur (D:6)
  A phantom (D:6)
  6 kobold brigands
  3 bullfrogs
  2 scorpions (D:5)
  A water moccasin zombie (D:6)
  12 wights
  A centaur zombie (D:6)
  A bullfrog zombie (D:5)
  5 hounds
  2 jellies (D:7)
  5 orc priests
  A centaur skeleton (D:7)
  2 iguanas
  Terence (D:2)
  9 orc wizards
  Natasha (thrice) (D:2)
  A howler monkey zombie (D:7)
  4 gnolls
  6 adders
  3 white imps
  An ufetubus (D:5)
  A worm (D:5)
  3 dart slugs
  24 orcs
  5 ball pythons
  9 endoplasms
  11 giant cockroaches
  7 goblins
  7 hobgoblins
  2 jackals (D:1)
  22 kobolds
  4 quokkas
  5 bats
  2 frilled lizards
  4 rats
  A rat zombie (D:7)
202 creatures vanquished.

Vanquished Creatures (collateral kills)
  A yak (D:7)
  2 sky beasts
  A kobold brigand (Bailey)
  A wight (D:6)
  A jelly (D:5)
  A gnoll shaman (D:7)
  A gnoll (D:7)
  A rat (D:6)
  A bush (D:5)
10 creatures vanquished.

Vanquished Creatures (others)
  4 yak zombies (D:7)
  2 hound zombies (D:5)
  A spectral jelly (D:5)
  A spectral white imp (D:7)
  3 gnoll zombies (D:7)
  A dart slug zombie (D:5)
  2 kobold zombies (Bailey)
  17 orc zombies
  17 toadstools (D:3)
48 creatures vanquished.

Grand Total: 260 creatures vanquished

Notes
Turn   | Place    | Note
-------+----------+-------------------------------------------
     0 | D:1      | LynnLen the Vampire Enchanter began the quest for the Orb.
     0 | D:1      | Reached XP level 1. HP: 13/13 MP: 3/3
   281 | D:1      | Reached XP level 2. HP: 19/19 MP: 5/5
   524 | D:1      | Reached skill level 5 in Stealth
   942 | D:1      | Gained mutation: You are afflicted with vampirism and can
                  | become a bat while bloodless. [Vampire growth]
   942 | D:1      | Reached XP level 3. HP: 23/24 MP: 6/6
  1020 | D:1      | Found Xazup's Jewellery Shop.
  1298 | D:2      | Found a hide-covered altar of Uskayaw.
  1341 | D:2      | Noticed Terence
  1355 | D:2      | Killed Terence
  1356 | D:2      | Noticed a shining eye
  1519 | D:2      | Reached XP level 4. HP: 14/30 MP: 7/7
  1632 | D:2      | Found a faded altar of an unknown god.
  1632 | D:2      | Noticed a shining eye
  1804 | D:2      | Noticed a great orb of eyes
  1809 | D:2      | Noticed an eye of devastation
  1947 | D:2      | Noticed Natasha
  1950 | D:2      | Killed Natasha
  1969 | D:2      | Learned a level 3 spell: Confusing Touch
  1973 | D:2      | Learned a level 3 spell: Tukima's Dance
  2012 | D:2      | Noticed Natasha
  2081 | D:2      | Killed Natasha
  2082 | D:2      | Reached skill level 6 in Stealth
  2082 | D:2      | Reached XP level 5. HP: 35/35 MP: 5/8
  2153 | D:2      | Noticed Natasha
  2171 | D:2      | Killed Natasha
  2636 | D:3      | Found a snail-covered altar of Cheibriados.
  3009 | D:3      | Found a blossoming altar of Fedhas.
  3021 | D:3      | Noticed an oklob plant
  3183 | D:4      | Reached XP level 6. HP: 28/41 MP: 9/9
  3273 | D:4      | Found an opulent altar of Gozag.
  3303 | D:4      | Reached skill level 7 in Stealth
  3318 | D:4      | Learned a level 3 spell: Dazzling Flash
  3586 | D:4      | Found a staircase to the Ecumenical Temple.
  3597 | Temple   | Entered the Ecumenical Temple
  3611 | Temple   | Became a worshipper of Yredelemnul the Dark
  3796 | D:4      | Reached skill level 5 in Dodging
  4096 | D:4      | Noticed a steam dragon
  4108 | D:4      | Killed a steam dragon
  4109 | D:4      | Reached skill level 5 in Short Blades
  4109 | D:4      | Reached skill level 8 in Stealth
  4109 | D:4      | Reached XP level 7. HP: 34/46 MP: 7/10
  4324 | D:5      | Entered Level 5 of the Dungeon
  4522 | D:5      | Reached skill level 9 in Stealth
  4537 | D:5      | Found a radiant altar of Vehumet.
  4562 | D:5      | Reached * piety under Yredelemnul
  4574 | D:5      | Reached XP level 8. HP: 50/52 MP: 11/11
  4594 | D:5      | Found an iron altar of Okawaru.
  4898 | D:5      | Reached ** piety under Yredelemnul
  4906 | D:5      | Identified the +7 hand axe "Mydiem" {holy, rN+ MP-9 Str+7
                  | SInv}
  4949 | D:5      | Reached skill level 10 in Stealth
  5590 | D:6      | Found a sparkling altar of Nemelex Xobeh.
  5596 | D:6      | Reached skill level 11 in Stealth
  5790 | D:6      | Reached XP level 9. HP: 39/57 MP: 10/12
  5887 | D:6      | Found a sacrificial altar of Ru.
  6019 | D:6      | Found a burning altar of Makhleb.
  6093 | D:6      | Reached skill level 12 in Stealth
  6495 | D:7      | Reached skill level 13 in Stealth
  6797 | D:7      | Reached *** piety under Yredelemnul
  7061 | D:7      | Reached **** piety under Yredelemnul
  7250 | D:7      | Reached skill level 14 in Stealth
  7300 | D:7      | Found an ancient bone altar of Kikubaaqudgha.
  7630 | D:7      | Reached XP level 10. HP: 63/63 MP: 13/13
  7657 | D:7      | Reached skill level 10 in Short Blades
  8220 | D:8      | Noticed Maurice
  8223 | D:8      | Killed Maurice
  8224 | D:8      | Reached skill level 15 in Stealth
  8232 | D:8      | Found a shimmering altar of Xom.
  8233 | D:8      | Found a shimmering altar of Xom.
  8234 | D:8      | Found a shimmering altar of Xom.
  8234 | D:8      | Found a shimmering altar of Xom.
  8239 | D:8      | Found a flagged portal.
  8268 | Bailey   | Entered a bailey
  8424 | Bailey   | Found a bloodstained altar of Trog.
  8832 | D:8      | Reached skill level 16 in Stealth
  8986 | D:8      | HP: 3/63 [orc warrior/+0 scimitar (6)]
  8987 | D:8      | Mangled by an orc warrior

Illustrated notes

Levels and vault maps discovered:
D:1:      dpeg_arrival_three_smaller_balls, layout_basic, serial_shops,
          nicolae_shop_advertising_works [nicolae_subvault_shop_adworks],
          nrook_mini_vaults, minmay_misc_feat_room
D:2:      layout_loops_ring, hellmonk_ecumenical_altar_watching_god,
          basic_altar, uniq_natasha, uniq_terence
D:3:      layout_rooms, general_overflow_altar, tgw_fedhas
D:4:      layout_cave_pods, grunt_gozag_breadcrumbs,
          minmay_temple_entry_poolview, minmay_door_square, minmay_manual_moon
D:5:      layout_rooms, mainiacjoe_overflow_tiny_flanked,
          lemuel_coloured_pillars_altar, old_standard_altar, elyvilon_altar_1,
          nicolae_figureground_pulse
D:6:      layout_basic, nicolae_ru_great_annihilating_truth, lemuel_round_altar,
          mainiacjoe_overflow_six_doors_small
D:7:      layout_loops_corners, lemuel_zombie_altar_kikubaaqudgha
D:8:      layout_loops_cross, nicolae_overflow_crystal_walls, xom_shifter_show,
          special_room [special_room_orc], enter_bailey_7, grunt_ministairs_11,
          uniq_maurice
Temple:   compressed_dpeg_triangle_lava_temple

Skill      XL: |  1  2  3  4  5  6  7  8  9 10 |
---------------+-------------------------------+-----
Stealth        | 5 6 8 9 11 14 16 | 16.0
Short Blades   | 2 3 4 5 6 8 9 10 | 10.0
Dodging        | 3 4 5 6 7 9 |  9.0
Spellcasting   | |  2.0
Hexes          | |  4.4
Translocations | |  0.4

Action                   |  1- 3 |  4- 6 |  7- 9 | 10-12 || total
-------------------------+-------+-------+-------+-------++-------
Melee: Dagger            |   139 |   143 |   325 |   172 ||   779
       Bite              |    15 |    19 |    50 |    22 ||   106
       Punch             |     2 |     4 |       |       ||     6
 Cast: Confusing Touch   |       |     4 |     7 |     5 ||    16
       Dazzling Flash    |       |     1 |       |       ||     1
  Use: Scroll            |     6 |     6 |     6 |     3 ||    21
       Potion            |     1 |     1 |     4 |     4 ||    10
 Stab: Sleeping          |     8 |    10 |    19 |     2 ||    39
       Invisible         |     2 |     1 |       |       ||     3
       Confused          |       |     3 |     6 |     6 ||    15
       Distracted        |       |     4 |     5 |     3 ||    12
Armor: Robe              |    27 |     4 |       |       ||    31
       Leather armour    |       |    16 |    44 |    22 ||    82
Dodge: Dodged            |    83 |    79 |   128 |   114 ||   404
